 Dungeon Crawl Stone Soup version 0.32-a0-7-ge934b4519a (webtiles) character file.

Game seed: 15452928799516325421

207 oldriver the Chiller (level 5, -5/38 HPs)
             Began as a Demonspawn Ice Elementalist on Jan 13, 2024.
             Slain by a black bear (7 damage)
             ... on level 4 of the Dungeon.
             The game lasted 00:03:56 (2437 turns).

oldriver the Chiller (Demonspawn Ice Elementalist)  Turns: 2437, Time: 00:03:57

Health: -5/38      AC:  2    Str:  5 (8)  XL:     5   Next: 54%
Magic:  0/9        EV: 12    Int: 15 (17) God:
Gold:   92         SH:  0    Dex: 12 (14) Spells: 3/10 levels left

rFire   . . .        h - +4 short sword
rCold   . . .        (no shield)
rNeg    . . .        a - +0 robe
rPois   .            (no helmet)
rElec   .            (no cloak)
rCorr   .            (no gloves)
SInv    .            (no boots)
Will    .....        (no amulet)
Stlth   ++           (no ring)
HPRegen 0.26/turn    (no ring)
MPRegen 0.11/turn

%: no passive effects
@: freezing walls
A: powered by pain 1, demonic magic 1
a: no special abilities


You were on level 4 of the Dungeon.
You visited 1 branch of the dungeon, and saw 4 of its levels.

You collected 92 gold pieces.

Inventory:

Hand Weapons
 h - a +4 short sword (weapon)
Armour
 a - a +0 robe (worn)
 m - an orb of energy
Scrolls
 c - a scroll of torment {unknown}
 d - a scroll of identify
 g - 3 scrolls of teleportation {unknown}
 i - a scroll of enchant armour {unknown}
 n - 4 scrolls of enchant weapon
 p - a scroll of fog {unknown}
Potions
 b - 2 potions of magic
 e - 2 potions of ambrosia
 f - a potion of enlightenment {unknown}
 j - a potion of berserk rage {unknown}
 k - a potion of degeneration
 o - a potion of curing {unknown}
 q - a potion of lignification {unknown}
 r - 2 potions of attraction {unknown}
 s - a potion of might {unknown}


   Skills:
 + Level 1.9 Fighting
 + Level 2.8 Dodging
 + Level 2.8 Stealth
 - Level 3.0 Spellcasting
 * Level 4.4 Ice Magic


You had 3 spell levels left.
You knew the following spells:

 Your Spells              Type           Power      Damage    Failure   Level
a - Freeze                Ice            60%        1d7       3%          1
b - Frozen Ramparts       Ice            30%        1d5       10%         3
c - Ozocubu's Armour      Ice            15%        N/A       10%         3

Your spell library contained the following spells:

 Spells                   Type           Power      Damage    Failure   Level
 Summon Ice Beast         Ice/Summ       8%         N/A       24%         3


Dungeon Overview and Level Annotations

Branches:
Dungeon (4/15)
 Temple: D:4-7

Altars:

Annotations:
D:2 Natasha


Innate Abilities, Weirdness & Mutations

You sometimes gain a little power by taking damage.
Spells you cast may paralyse adjacent enemies.


Message History

The iguana is almost dead.
The iguana misses you.
You closely miss the iguana.
The iguana is almost dead.
You closely miss the iguana.
The iguana is almost dead.
The iguana closely misses you.
You hit the iguana.
You kill the iguana!
Casting: Freeze (safe; 2% risk of failure)
Confirm with . or Enter, or press ? or * to list all spells.
Casting: Frozen Ramparts (dangerous; 9% risk of failure)
Press: ? - help, Dir - look around, f - activate The walls around you are covered in ice.
Malevolent energies surge around you.
The wall freezes the black bear.
The black bear barely misses you. The black bear closely misses you. x2
You barely miss the black bear.
The black bear is lightly wounded.
The wall freezes the black bear.
The black bear bites you. The black bear barely misses you.
The black bear claws you.
You hit the black bear.
The black bear is heavily wounded.
The wall freezes the black bear.
The black bear bites you! The black bear claws you. x2
You hit the black bear.
The black bear is severely wounded.
You hear the slow rusting of a distant drain.
The wall freezes the black bear.
The black bear goes berserk!
You barely miss the black bear.
The black bear is severely wounded.
The wall freezes the black bear.
The black bear bites you!
* * * LOW HITPOINT WARNING * * *
The black bear misses you. The black bear claws you.
* * * LOW HITPOINT WARNING * * *
It was a potion of degeneration.
There was something very wrong with that liquid.
You feel weakened.
You feel dopey.
You feel clumsy.
The wall freezes the black bear but does no damage.
The black bear bites you!
You die...

+.............#
###.............#
.......)........#
#.#.............#
................+
................#
................#
................#########
...#########..†h@........
...# #....####†.......
.##.. #....# #.......! ..
.... #....# #........ ..
.....#..g.# #........
........#....# +........
........+....# #........
#........


You could see a black bear (berserk).

Vanquished Creatures
  A phantom (D:4)
  An iguana (D:4)
  Natasha (D:2)
  3 adders
  2 ribbon worms (D:2)
  A dart slug (D:1)
  An orc (D:3)
  2 endoplasms
  2 giant cockroaches
  A goblin (D:3)
  5 hobgoblins
  7 jackals (D:1)
  4 ball pythons
  4 bats
  2 frilled lizards
  5 kobolds (D:1)
  5 rats
47 creatures vanquished.

Notes
Turn   | Place    | Note
-------+----------+-------------------------------------------
     0 | D:1      | oldriver the Demonspawn Ice Elementalist began the quest
                  | for the Orb.
     0 | D:1      | Reached XP level 1. HP: 13/13 MP: 3/3
   318 | D:1      | Gained mutation: Spells you cast may paralyse adjacent
                  | enemies. [demonic ancestry]
   318 | D:1      | Reached XP level 2. HP: 15/20 MP: 0/5
  1087 | D:2      | Gained mutation: You sometimes gain a little power by
                  | taking damage. [demonic ancestry]
  1087 | D:2      | Reached XP level 3. HP: 25/25 MP: 4/6
  1091 | D:2      | Learned a level 3 spell: Frozen Ramparts
  1095 | D:2      | Learned a level 3 spell: Ozocubu's Armour
  1602 | D:2      | Noticed Natasha
  1609 | D:2      | Killed Natasha
  1610 | D:2      | Reached skill level 1 in Fighting
  1610 | D:2      | Reached XP level 4. HP: 26/32 MP: 4/8
  1838 | D:2      | Noticed Natasha
  2001 | D:3      | Reached skill level 4 in Ice Magic
  2302 | D:4      | Noticed a phantom
  2332 | D:4      | Killed a phantom
  2333 | D:4      | Reached XP level 5. HP: 27/38 MP: 0/9
  2425 | D:4      | Noticed a black bear
  2437 | D:4      | Slain by a black bear

Illustrated notes

Levels and vault maps discovered:
D:1:      dpeg_arrival_pits, layout_loops_ring
D:2:      layout_basic, uniq_natasha
D:3:      layout_rooms
D:4:      layout_basic, gup_sewer_entry_glass

Skill      XL: |  1  2  3  4 |
---------------+-------------+-----
Stealth        | 2 |  2.8
Dodging        | 2 |  2.8
Fighting       | 1 |  1.9
Ice Magic      | 4 |  4.4
Spellcasting   | 3 |  3.0

Action                     |  1- 3 |  4- 6 || total
---------------------------+-------+-------++-------
  Melee: Short sword       |    26 |    18 ||    44
   Cast: Freeze            |    47 |    24 ||    71
         Frozen Ramparts   |       |     2 ||     2
    Use: Scroll            |       |     3 ||     3
         Potion            |       |     1 ||     1
   Stab: Paralysed         |     1 |     4 ||     5
 Armour: Robe              |    31 |    16 ||    47
  Dodge: Dodged            |    30 |    16 ||    46

Table legend: (Time is in decaauts)
 A = Elapsed time spent in this place.
 B = Non-inter-level travel time spent in this place.
 C = Inter-level travel time spent in this place.
 D = Time resting spent in this place.
 E = Time spent auto-exploring this place.
 F = Levels seen in this place.
 G = Mean time per level.
                   A        B        C        D        E       F      G
               +--------+--------+--------+--------+--------+-----+--------+
         Total |   2436 |   2290 |    146 |    104 |   1707 |   4 |  609.0 |
       Dungeon |   2436 |   2290 |    146 |    104 |   1707 |   4 |  609.0 |
               +--------+--------+--------+--------+--------+-----+--------+

Top non-repeatable levels by time:
     D:1: 1019 daAuts
     D:2: 860 daAuts
     D:3: 403 daAuts
     D:4: 153 daAuts
